 Dungeon Crawl Stone Soup version 0.29-a0-468-ge57f7f99b4 (webtiles) character file.

Game seed: 9561244963348327166

641 timneilson the Shield-Bearer (level 7, -4/44 HPs)
             Began as a Gargoyle Fighter on May 21, 2022.
             Was a Follower of Okawaru.
             Slain by a yak (13 damage)
             ... on level 5 of the Dungeon.
             The game lasted 00:10:03 (5288 turns).

timneilson the Shield-Bearer (Gargoyle Fighter)     Turns: 5288, Time: 00:10:03

Health: -4/44      AC: 19    Str: 21    XL:     7   Next: 51%
Magic:  5/7        EV:  9    Int:  9    God:    Okawaru [*.....]
Gold:   202        SH:  7    Dex:  9    Spells: 6/6 levels left

rFire   + . .      SeeInvis .   a - +0 long sword (elec)
rCold   . . .      Faith    .   c - +1 buckler
rNeg    + . .      Spirit   .   s - +0 chain mail
rPois   ∞          Reflect  .   (no helmet)
rElec   +          Harm     .   i - +0 cloak
rCorr   +          Rampage  .   (no gloves)
Will    .....                   e - +0 pair of boots
Stlth   ..........              (no amulet)
HPRegen 0.14/turn               j - ring of resist corrosion
MPRegen 0.10/turn               l - ring of protection from fire

@: mighty, heroic
A: sickness immunity, AC +4, negative energy resistance 1, electricity
resistance, torment resistance 1, petrification resistance
a: Renounce Religion, Heroism


You were on level 5 of the Dungeon.
You worshipped Okawaru.
Okawaru was aware of your devotion.
You visited 2 branches of the dungeon, and saw 6 of its levels.

You collected 202 gold pieces.

Inventory:

Hand Weapons
 a - a +0 long sword of electrocution (weapon)
Armour
 c - a +1 buckler (worn)
 e - a +0 pair of boots (worn)
 i - a +0 cloak (worn)
 s - a +0 chain mail (worn)
Jewellery
 j - a ring of resist corrosion (left hand)
 l - a ring of protection from fire (right hand)
Scrolls
 b - a scroll of poison
 h - 2 scrolls of enchant armour
 m - a scroll of teleportation
 q - a scroll of enchant weapon {unknown}
 u - a scroll of magic mapping
Potions
 d - a potion of might
 f - a potion of haste {unknown}
 g - 2 potions of lignification {unknown}
 k - 2 potions of flight
 n - a potion of mutation {unknown}
 o - 3 potions of curing
 p - 3 potions of brilliance
 r - 2 potions of attraction {unknown}
 t - a potion of resistance {unknown}
 v - a potion of degeneration {unknown}


   Skills:
 + Level 4.3(9.3) Fighting
 * Level 3.9(8.9) Long Blades
 * Level 5.3(10.3) Armour
 + Level 1.8(6.8) Dodging
 * Level 5.4(10.4) Shields
 + Level 1.2 Invocations


You had 6 spell levels left.
You didn't know any spells.
Your spell library contained the following spells:

 Spells                   Type           Power      Damage    Failure   Level
 Ensorcelled Hibernation  Hex/Ice        0%         N/A       99%         2
 Passwall                 Tmut/Erth      0%         N/A       99%         2
 Frozen Ramparts          Ice            0%         1d2       100%        3
 Inner Flame              Hex/Fire       0%         N/A       100%        3
 Ozocubu's Armour         Ice            0%         N/A       100%        3
 Portal Projectile        Hex/Tloc       0%         N/A       100%        3
 Swiftness                Air            0%         N/A       100%        3
 Cause Fear               Hex            0%         N/A       100%        4
 Ice Form                 Ice/Tmut       0%         N/A       100%        4
 Leda's Liquefaction      Hex/Erth       0%         N/A       100%        4
 Metabolic Englaciation   Hex/Ice        0%         N/A       100%        5
 Borgnjor's Revivificati  Necr           0%         N/A       100%        8
 Discord                  Hex            0%         N/A       100%        8
 Necromutation            Tmut/Necr      0%         N/A       100%        8
 Death's Door             Necr           0%         N/A       100%        9
 Call Canine Familiar     Summ           Unusable   N/A       N/A         3
 Summon Ice Beast         Ice/Summ       Unusable   N/A       N/A         4
 Simulacrum               Ice/Necr       Unusable   N/A       N/A         6

Dungeon Overview and Level Annotations

Branches:
Dungeon (5/15)             Temple (1/1) D:4

Altars:
Cheibriados
Dithmenos
Elyvilon
Fedhas
Gozag
Hepliaklqana
Kikubaaqudgha
Makhleb
Nemelex Xobeh
Okawaru
Qazlal
Ru
Sif Muna
Trog
Uskayaw
Vehumet
Wu Jian
Xom
Yredelemnul
Zin
The Shining One

Annotations:
D:3 3 runed translucent doors, Snarg's ghost, amateur OpTm


Innate Abilities, Weirdness & Mutations

You are immune to sickness and miasma.
Your stone body is resilient. (AC +4)
You are immune to poison.
You resist negative energy. (rN+)
You are resistant to electric shocks. (rElec)
You are resistant to unholy torment.
You are immune to petrification.


Message History

You hit the yak.
The yak is severely wounded.
You block the yak's attack. The yak gores you.
You hit the yak but do no damage.
The yak is severely wounded.
The yak gores you.
You closely miss the yak.
The yak is severely wounded.
The yak gores you but does no damage.
You slash the yak!
The yak is almost dead.
The yak gores you. You block the yak's attack.
You completely miss the yak.
The yak is almost dead.
The yak barely misses you.
You barely miss the yak.
The yak is almost dead.
The yak gores you but does no damage.
You slash the yak!
You kill the yak!
Okawaru is honoured by your kill.
You can now gain great but temporary skills.
Your Invocations skill increases to level 1!
Unknown command.
You gain the combat prowess of a mighty hero.
The yak gores you but does no damage.
You slash the yak!
The yak is moderately wounded.
The yak closely misses you.
You barely miss the yak.
The yak is moderately wounded.
The yak closely misses you. The yak gores you!
You hit the yak but do no damage. Lightning courses through the yak!
The yak is heavily wounded.
The yak gores you.
* * * LOW HITPOINT WARNING * * *
You slash the yak!
The yak is almost dead.
The yak gores you!
You die...

...........##............
.........................
.......................#
.......................#
...<................####
........##..............
Y...##...###....÷........
....##...###...<#.........
..Y.....YYY@....#.........
############....#.#+#.....
#....... .... #..#.... ..
#..#.... #....... #.......
....


You could see 3 yaks.

Vanquished Creatures
  2 yaks (D:5)
  An orc priest (D:4)
  3 orc wizards
  An iguana (D:4)
  7 adders
  2 white imps (D:5)
  6 worms
  4 dart slugs
  22 orcs
  9 endoplasms
  2 giant cockroaches
  5 hobgoblins
  4 jackals (D:2)
  6 kobolds
  3 quokkas
  6 ball pythons
  5 bats
  2 frilled lizards (D:1)
  5 goblins
  5 rats
100 creatures vanquished.

Vanquished Creatures (others)
  An orc wizard (D:2)
  A fungus (D:3)
  3 plants (D:3)
5 creatures vanquished.

Grand Total: 105 creatures vanquished

Notes
Turn   | Place    | Note
-------+----------+-------------------------------------------
     0 | D:1      | timneilson the Gargoyle Fighter began the quest for the
                  | Orb.
     0 | D:1      | Reached XP level 1. HP: 14/14 MP: 1/1
   425 | D:1      | Reached XP level 2. HP: 19/19 MP: 2/2
   951 | D:2      | Found a faded altar of an unknown god.
  1032 | D:2      | Reached XP level 3. HP: 17/23 MP: 3/3
  1327 | D:1      | Reached XP level 4. HP: 3/28 MP: 4/4
  1998 | D:2      | Reached skill level 1 in Dodging
  2290 | D:3      | Reached XP level 5. HP: 32/32 MP: 5/5
  2850 | D:3      | Found a runed translucent gate.
  2851 | D:3      | Found a runed translucent gate.
  2852 | D:3      | Found a runed translucent gate.
  2852 | D:3      | Noticed Snarg's ghost (amateur OpTm)
  2852 | D:3      | Noticed a kobold brigand
  4104 | D:4      | Reached XP level 6. HP: 20/38 MP: 6/6
  4695 | D:4      | Found a staircase to the Ecumenical Temple.
  4775 | Temple   | Entered the Ecumenical Temple
  4836 | Temple   | Became a worshipper of Warmaster Okawaru
  5008 | D:5      | Entered Level 5 of the Dungeon
  5247 | D:5      | Noticed a yak
  5247 | D:5      | Noticed a yak
  5257 | D:5      | Noticed a yak
  5266 | D:5      | Noticed a yak
  5268 | D:5      | Noticed a yak
  5270 | D:5      | Killed a yak
  5271 | D:5      | Reached skill level 5 in Armour
  5271 | D:5      | Reached skill level 5 in Shields
  5271 | D:5      | Reached XP level 7. HP: 42/43 MP: 7/7
  5283 | D:5      | Killed a yak
  5283 | D:5      | Reached * piety under Okawaru
  5284 | D:5      | Reached skill level 1 in Invocations
  5288 | D:5      | Slain by a yak

Illustrated notes

Levels and vault maps discovered:
D:1:      elethiomel_arrival_quiet, layout_basic
D:2:      layout_rooms, basic_ecumenical_altar
D:3:      layout_basic, gammafunk_ghost_nasty_kobolds,
          chequers_serial_rivers_small_3
D:4:      nicolae_cairo_tiling_large_dashed, layout_basic
D:5:      minmay_razor_zed, layout_basic, serial_shops, shop,
          nicolae_concentric_dashed_squares_wild
Temple:   kilobyte_greek_temple

Skill      XL: |  1  2  3  4  5  6  7 |
---------------+----------------------+-----
Long Blades    | 2 3 |  3.9
Shields        | 4 5 |  5.4
Armour         | 4 5 |  5.3
Dodging        | 1 |  1.8
Fighting       | 4 |  4.3
Invocations    | 1 |  1.2

Action                   |  1- 3 |  4- 6 |  7- 9 || total
-------------------------+-------+-------+-------++-------
Melee: Long sword        |   124 |   287 |    17 ||   428
Invok: Heroism           |       |       |     1 ||     1
  Use: Scroll            |     4 |     7 |       ||    11
       Potion            |       |     2 |       ||     2
Armor: Scale mail        |    93 |    77 |       ||   170
       Chain mail        |       |   110 |     6 ||   116
Dodge: Dodged            |    39 |   112 |     4 ||   155
Block: Buckler           |    18 |    80 |     2 ||   100

Table legend: (Time is in decaauts)
 A = Elapsed time spent in this place.
 B = Non-inter-level travel time spent in this place.
 C = Inter-level travel time spent in this place.
 D = Time resting spent in this place.
 E = Time spent auto-exploring this place.
 F = Levels seen in this place.
 G = Mean time per level.
                   A        B        C        D        E       F      G
               +--------+--------+--------+--------+--------+-----+--------+
         Total |   5421 |   5258 |    163 |    794 |   3367 |   6 |  903.5 |
       Dungeon |   5325 |   5195 |    130 |    794 |   3324 |   5 | 1065.0 |
        Temple |     95 |     62 |     33 |      0 |     43 |   1 |   95.0 |
               +--------+--------+--------+--------+--------+-----+--------+

Top non-repeatable levels by time:
     D:1: 1613 daAuts
     D:4: 1451 daAuts
     D:3: 1322 daAuts
     D:2: 648 daAuts
     D:5: 288 daAuts
  Temple: 95 daAuts
